 Dungeon Crawl Stone Soup version 0.32-a0-540-g866d13106e (webtiles) character file.

Game seed: 10917472050038980713

64 lunkers the Chopper (level 4, -1/33 HPs)
             Began as a Coglin Gladiator on Feb 28, 2024.
             Was a Follower of Ru.
             Slain by Natasha (4 damage)
             ... on level 2 of the Dungeon.
             The game lasted 00:01:14 (813 turns).

lunkers the Chopper (Coglin Gladiator)               Turns: 813, Time: 00:01:14

Health: -1/33      AC:  4    Str: 16    XL:     4   Next: 12%
Magic:  4/4        EV: 12    Int:  8    God:    Ru [*.....]
Gold:   71         SH:  0    Dex: 15    Spells: 3/3 levels left

rFire   . . .        a - +0 war axe {Enrique}
rCold   . . .        (no shield)
rNeg    . . .        b - +0 leather armour
rPois   .            c - +0 helmet
rElec   .            (no cloak)
rCorr   .            (no gloves)
SInv    .            (no boots)
Will    .....        (no amulet)
Stlth   +            (ring unavailable)
HPRegen 0.25/turn    (ring unavailable)
MPRegen 0.09/turn

%: no passive effects
@: revved
A: no earth magic, no alchemy magic, no translocations magic, off-hand wielding,
slow wielding, warmup strikes, no rings
a: Renounce Religion


You were on level 2 of the Dungeon.
You worshipped Ru.
Ru was aware of your devotion.
You visited 1 branch of the dungeon, and saw 2 of its levels.

You collected 71 gold pieces.

Inventory:

Hand Weapons
 a - a +0 war axe (weapon) {Enrique}
Missiles
 d - 3 throwing nets
 e - 6 javelins
Armour
 b - a +0 leather armour (worn)
 c - a +0 helmet (worn)
Scrolls
 h - a scroll of poison {unknown}
 j - a scroll of vulnerability {unknown}
 k - 3 scrolls of blinking {unknown}
 l - a scroll of teleportation {unknown}
 m - a scroll of identify {unknown}
 n - a scroll of fog {unknown}
Potions
 f - a potion of haste {unknown}
 g - a potion of enlightenment {unknown}
 i - 2 potions of curing {unknown}


   Skills:
 - Level 2.0 Fighting
 + Level 4.9 Axes
 - Level 1.7 Throwing
 - Level 2.6 Dodging


You had 3 spell levels left.
You didn't know any spells.
Your spell library was empty.

Dungeon Overview and Level Annotations

Branches:
Dungeon (2/15)

Altars:
Ru

Annotations:
D:2 1 runed translucent door, Crazy Yiuf, Natasha, Terence


Innate Abilities, Weirdness & Mutations

You cannot study or cast Earth magic.
You cannot study or cast Alchemy magic.
You cannot study or cast Translocations magic.
You can wield a second weapon in your off-hand.
It takes a long time for you to wield or remove held weapons.
Your first few attacks do less damage.
Your grasper-arms cannot wear rings.


Message History

Natasha is severely wounded.
Natasha closely misses you.
You closely miss Natasha.
Natasha is severely wounded.
Natasha mumbles some strange words.
Natasha stares at you and mumbles some strange words.
The magic dart hits you.
You completely miss Natasha.
Natasha is severely wounded.
You hit the cerulean imp. Natasha claws you.
The cerulean imp closely misses you.
You closely miss Natasha.
Natasha is severely wounded.
You closely miss the cerulean imp. Natasha barely misses you.
The cerulean imp hits you with a +2 spear!
* * * LOW HITPOINT WARNING * * *
The endoplasm freezes you.
You are frozen.
* * * LOW HITPOINT WARNING * * *
You barely miss Natasha.
Natasha is severely wounded.
You slash the endoplasm!
You kill the endoplasm!
You miss the cerulean imp. Natasha casts a spell at you.
The magic dart hits you.
* * * LOW HITPOINT WARNING * * *
The cerulean imp hits you with a +2 spear.
* * * LOW HITPOINT WARNING * * *
You closely miss Natasha.
Natasha is severely wounded.
You hit the cerulean imp. Natasha claws you.
* * * LOW HITPOINT WARNING * * *
The cerulean imp misses you.
Terence the Incautious comes into view.
He is wielding a +0 hand axe and carrying a wand of flame.
You redirect Natasha's attack!
Natasha claws you.
You die...
Natasha curls up and begins to purr.
Ru respects your ultimate sacrifice.

......##.........##
.......#........## .
....:............##
##..
...)..............#...
..................#.#
.....#.#............#
##..##.#..........#...#
##... #..........#.###
......#.....h@## #
##...........5.#
.............#
........<.# .........#
.........# ........#.
.....@.##.


You could see Terence (wandering), Natasha and a cerulean imp (summoned).

Vanquished Creatures
  Natasha (D:2)
  A dart slug (D:1)
  A ball python (D:1)
  9 endoplasms
  A giant cockroach (D:2)
  3 goblins (D:1)
  2 hobgoblins (D:1)
  6 kobolds
  5 bats (D:1)
  A frilled lizard (D:2)
  3 rats (D:1)
33 creatures vanquished.

Notes
Turn   | Place    | Note
-------+----------+-------------------------------------------
     0 | D:1      | lunkers the Coglin Gladiator began the quest for the Orb.
     0 | D:1      | Reached XP level 1. HP: 16/16 MP: 1/1
    74 | D:1      | Reached XP level 2. HP: 18/22 MP: 2/2
   200 | D:1      | Reached skill level 4 in Axes
   204 | D:1      | Reached XP level 3. HP: 25/27 MP: 3/3
   370 | D:1      | Found a faded altar of an unknown god.
   484 | D:1      | Prayed at the altar of an unknown god.
   484 | D:1      | Became a worshipper of Ru the Awakened
   492 | D:1      | Gained mutation: You cannot study or cast Earth magic. [Ru
                  | sacrifice]
   492 | D:1      | Gained mutation: You cannot study or cast Alchemy magic.
                  | [Ru sacrifice]
   492 | D:1      | Gained mutation: You cannot study or cast Translocations
                  | magic. [Ru sacrifice]
   492 | D:1      | Reached * piety under Ru
   550 | D:2      | Noticed Natasha
   560 | D:2      | Killed Natasha
   561 | D:2      | Reached XP level 4. HP: 8/33 MP: 4/4
   701 | D:2      | Found a runed translucent door.
   702 | D:2      | Noticed Crazy Yiuf
   801 | D:2      | Noticed Natasha
   813 | D:2      | Noticed Terence
   813 | D:2      | Slain by Natasha

Illustrated notes

Levels and vault maps discovered:
D:1:      scummos_arrival_hexagon, layout_rooms, serial_glass, glass_columns_a,
          glass_columns_a, glass_columns_c, glass_columns_a, glass_columns_c,
          glass_columns_b, glass_columns_b, glass_columns_b, glass_columns_a,
          glass_columns_a, dreamdust_ecumenical_altar_angels_and_demons
D:2:      layout_rooms, minivault_25, uniq_terence, uniq_crazy_yiuf_cottage,
          uniq_jessica, uniq_natasha

Skill      XL: |  1  2 |
---------------+-------+-----
Axes           | 4 |  4.9
Fighting       | |  2.0
Throwing       | |  1.7
Dodging        | |  2.6

Action                     |  1- 3 |  4- 6 || total
---------------------------+-------+-------++-------
  Melee: War axe           |    55 |    11 ||    66
 Invoke: Sacrifice Arcana  |     1 |       ||     1
   Stab: Sleeping          |     1 |       ||     1
 Armour: Leather armour    |    40 |    10 ||    50
  Dodge: Dodged            |    48 |     8 ||    56

Table legend: (Time is in decaauts)
 A = Elapsed time spent in this place.
 B = Non-inter-level travel time spent in this place.
 C = Inter-level travel time spent in this place.
 D = Time resting spent in this place.
 E = Time spent auto-exploring this place.
 F = Levels seen in this place.
 G = Mean time per level.
                   A        B        C        D        E       F      G
               +--------+--------+--------+--------+--------+-----+--------+
         Total |    840 |    797 |     43 |      0 |    596 |   2 |  420.0 |
       Dungeon |    840 |    797 |     43 |      0 |    596 |   2 |  420.0 |
               +--------+--------+--------+--------+--------+-----+--------+

Top non-repeatable levels by time:
     D:1: 511 daAuts
     D:2: 329 daAuts
